 Dungeon Crawl Stone Soup version 0.19.4 (webtiles) character file.

54 JeffiDaFish the Stinger (level 3, -1/24 HPs)
             Began as a Demonspawn Venom Mage on Feb 2, 2017.
             Slain by an adder (5 damage)
             ... on level 2 of the Dungeon.
             The game lasted 00:06:22 (1387 turns).

JeffiDaFish the Stinger (Demonspawn Venom Mage)     Turns: 1387, Time: 00:06:23

Health: -1/24      AC:  6    Str:  8    XL:     3   Next: 66%
Magic:  0/6        EV: 12    Int: 16    God:
Gold:   86         SH:  0    Dex: 14    Spells: 1 memorised, 6 levels left

rFire  . . .     SeeInvis .     h - +0 spear
rCold  . . .     Gourm    .     i - +0 leather armour
rNeg   . . .     Faith    .     (no shield)
rPois  .         Spirit   .     (no helmet)
rElec  .         Reflect  .     e - +0 cloak
rCorr  .         Harm     .     (no gloves)
MR     .....                    (no boots)
Stlth  +++.......               (no amulet)
                                (no ring)
                                (no ring)

@: lethally poisoned (-1 -> -6)
A: icy blue scales 1, nightstalker 1
a: no special abilities


You were on level 2 of the Dungeon.
You were not hungry.

You visited 1 branch of the dungeon, and saw 2 of its levels.

You collected 86 gold pieces.

Inventory:

Hand Weapons
 h - a +0 spear (weapon)
Armour
 e - a +0 cloak (worn)
 i - a +0 leather armour (worn)
Jewellery
 a - an uncursed ring of wizardry
Scrolls
 f - 2 scrolls of teleportation
 j - a scroll of fear {unknown}
Books
 b - a Young Poisoner's Handbook

   Spells                             Type                      Level
   a - Sting                          Conjuration/Poison           1
   b - Mephitic Cloud                 Conjuration/Poison/Air       3
   c - Olgreb's Toxic Radiance        Poison                       4
   d - Alistair's Intoxication        Transmutation/Poison         5
   e - Venom Bolt                     Conjuration/Poison           5
Comestibles
 c - a bread ration
 d - 5 chunks of flesh
 g - a meat ration


   Skills:
 + Level 0.3 Armour
 + Level 1.8 Dodging
 + Level 2.0 Stealth
 + Level 0.1 Unarmed Combat
 + Level 2.5 Spellcasting
 + Level 0.6 Conjurations
 + Level 4.7 Poison Magic


You had 6 spell levels left.
You knew the following spells:

 Your Spells              Type           Power        Failure   Level  Hunger
a - Sting                 Conj/Pois      ##..         12%         1    #......


Dungeon Overview and Level Annotations

Branches:
Dungeon (2/15)

Altars:


Innate Abilities, Weirdness & Mutations

You are partially covered in icy blue scales. (AC +2)
You are slightly more attuned to the shadows.


Message History

You closely miss the adder.
The adder is moderately wounded.
The adder bites you but does no damage. The adder bites you.
* * * LOW HITPOINT WARNING * * *
You are lethally poisoned!
The adder poisons you!
You closely miss the adder.
The adder is moderately wounded.
* * * LOW HITPOINT WARNING * * *
You feel sick. The adder misses you.
You aren't carrying any potions.
Casting: Sting
Confirm with . or Enter, or press ? or * to list all spells.
Aiming: Sting
Press: ? - help, Shift-Dir - straight line, f/p - adder
Aim: an adder (moderately wounded)
The sting hits the adder.
The adder appears unharmed.
The adder is moderately wounded.
The adder bites you.
You die...

......##........
#............
#.###.###.......
#.#............#
#.#.#.....#...##
#.#.#..####..##
#.#.#..# .#
#.##...#..#
#...S@....#
####..###.# #...
.. ##.## .# #.#
# #.# #.#


You could see an adder.

Vanquished Creatures
  An adder (D:2)
  4 dart slugs (D:1)
  4 leopard geckos
  3 bats (D:1)
  4 giant cockroaches
  4 goblins
  2 hobgoblins
  3 jackals (D:2)
  A frilled lizard (D:2)
  A kobold (D:1)
  4 rats
31 creatures vanquished.

Notes
Turn   | Place    | Note
-------+----------+-------------------------------------------
     0 | D:1      | JeffiDaFish the Demonspawn Venom Mage began the quest for the Orb.
     0 | D:1      | Reached XP level 1. HP: 13/13 MP: 3/3
    92 | D:1      | Gained mutation: You are slightly more attuned to the shadows. [demonic ancestry]
    92 | D:1      | Reached XP level 2. HP: 9/19 MP: 0/5
   984 | D:1      | Gained mutation: You are partially covered in icy blue scales. (AC +2) [demonic ancestry]
   984 | D:1      | Reached XP level 3. HP: 24/24 MP: 3/6
  1387 | D:2      | Slain by an adder

Skill      XL: |  1  2 |
---------------+-------+-----
Stealth        | 2 |  2.0
Armour         | |  0.3
Dodging        | |  1.8
Unarmed Combat | |  0.1
Spellcasting   | |  2.5
Conjurations   | |  0.6
Poison Magic   | |  4.7

Action                   || total
-------------------------++-------
Melee: Unarmed           ||    23
       Spear             ||    37
 Cast: Sting             ||    53
  Use: Potion            ||     3
       Scroll            ||     5
 Stab: Sleeping          ||     3
  Eat: Chunk             ||     2
Armor: Robe              ||     4
       Leather armour    ||    12
Dodge: Dodged            ||    43
